 Dungeon Crawl Stone Soup version 0.31-a0-544-gceb718ecc6 (webtiles) character file.

Game seed: 8125912487810768802

144 lunkers the Ruffian (level 5, 0/60 HPs)
             Began as a Meteoran Shapeshifter on Aug 15, 2023.
             Slain by a gnoll bouda
             ... wielding a +0 club
              (6 damage)
             ... on level 4 of the Dungeon.
             The game lasted 00:04:56 (1054 turns).

lunkers the Ruffian (Meteoran Shapeshifter)         Turns: 1054, Time: 00:04:56

Health: 0/60       AC: 22    Str: 17    XL:     5   Next: 82%
Magic:  6/6        EV:  2    Int: 15    God:
Gold:   107        SH:  0    Dex: 16    Spells: 4/4 levels left

rFire   . .          .
                       - Unarmed
rCold   . . .        (no shield)
rNeg    . . .        h - melded +0 ring mail
rPois   +            (helmet currently unavailable)
rElec   .            (cloak currently unavailable)
rCorr   .            (gloves currently unavailable)
SInv    .            (boots currently unavailable)
Will    .....        (no amulet)
Stlth   +            f - ring of flight
HPRegen 0.30/turn    m - +6 ring of intelligence
MPRegen 0.10/turn

%: no passive effects
@: tree-form, weakened, glowing
A: stationary, stasis, torment immunity, boosted hp, sense surroundings 1,
otherworldly, glowing, explore regen
a: no special abilities


You were on level 4 of the Dungeon.
You were a tree.
You visited 1 branch of the dungeon, and saw 4 of its levels.

You collected 107 gold pieces.

Inventory:

Armour
 a - a +0 animal skin
 h - a +0 ring mail (melded)
Jewellery
 f - a ring of flight (left branch)
 m - a +6 ring of intelligence (right branch)
Talismans
 c - a beast talisman
 d - a flux talisman
 e - a serpent talisman
Scrolls
 i - a scroll of enchant armour {unknown}
Potions
 b - a potion of lignification
 g - a potion of mutation {unknown}
 j - a potion of magic {unknown}
 k - a potion of heal wounds {unknown}
 l - a potion of attraction {unknown}
 n - a potion of brilliance {unknown}


   Skills:
 - Level 1.1 Fighting
 - Level 2.1 Dodging
 * Level 6.1 Unarmed Combat
 + Level 4.6 Shapeshifting


You had 4 spell levels left.
You didn't know any spells.
Your spell library was empty.

Dungeon Overview and Level Annotations

Branches:
Dungeon (4/15) Zot: 1357
 Temple: D:4-7

Altars:
Uskayaw

Shops:
D:2 ?   D:4 (


Innate Abilities, Weirdness & Mutations

You are a tree.
Your roots penetrate the ground, keeping you stationary.
You cannot be teleported.
You are immune to unholy pain and torment.
Your maximum health is greatly increased.
Your equipment is partially melded.
You passively map a small area around you.
You are easily found by Zot.
You glow in the dark.
You regain HP and MP as you explore.


Message History

The gnoll bouda gazes fiercely through you!
You feel as though you will be weak longer.
The gnoll bouda hits you but does no damage.
The orc hits you but does no damage.
The phantom hits you but does no damage.
The gnoll bouda hits you but does no damage.
Unknown command.
You barely miss the phantom.
The phantom is lightly damaged.
The gnoll bouda hits you but does no damage.
The orc hits you but does no damage. The phantom hits you.
* * * LOW HITPOINT WARNING * * *
The gnoll bouda barks out a call to the hunt!
The gnoll bouda picks up the pace!
You hit the phantom.
The phantom is moderately damaged.
The gnoll bouda hits you but does no damage.
The phantom hits you but does no damage.
The orc barely misses you.
Unknown command.
You smack the phantom!
The phantom is severely damaged.
The gnoll bouda hits you with a +0 club.
* * * LOW HITPOINT WARNING * * *
The gnoll bouda gazes fiercely through you!
You feel as though you will be weak longer.
The gnoll bouda hits you but does no damage.
The phantom hits you but does no damage.
The orc hits you but does no damage.
You smack the phantom!
The phantom is almost destroyed.
The gnoll bouda hits you but does no damage. x2
Unknown command.
You smack the phantom!
You destroy the phantom!
The orc hits you but does no damage.
The gnoll bouda hits you with a +0 club.
* * * LOW HITPOINT WARNING * * *
The gnoll bouda hits you with a +0 club.
You die...

.#.## #........##.# #
..# ### #.......# .##
#.#...### * .#
##.#...#### .#
#.........###.# ## *
#.#...........# #..
#.......##### * #.
###..########## , ,..
#.♣..).)......# * *
#.#ggo.########.#
#..5g### #.#
#####''######## #.# ,
...............# #.#
........$......# #.# *
...............# #.#
...............###.## .#
...............##...####


You could see 2 gnoll boudas, a white imp, an orc and a goblin.

Vanquished Creatures
  A phantom (D:4)
  A jelly (D:3)
  An orc priest (D:4)
  2 adders
  A worm (D:2)
  3 dart slugs
  9 orcs
  2 endoplasms
  4 goblins
  6 hobgoblins
  3 jackals (D:1)
  3 kobolds
  2 ball pythons (D:1)
  5 bats
  5 frilled lizards
  4 rats
52 creatures vanquished.

Notes
Turn   | Place    | Note
-------+----------+-------------------------------------------
     0 | D:1      | lunkers the Meteoran Shapeshifter began the quest for the
                  | Orb.
     0 | D:1      | Reached XP level 1. HP: 16/16 MP: 2/2
    24 | D:1      | Reached XP level 2. HP: 18/23 MP: 3/3
    32 | D:1      | Reached skill level 4 in Unarmed Combat
    87 | D:1      | Reached XP level 3. HP: 18/28 MP: 4/4
   358 | D:2      | Reached XP level 4. HP: 35/35 MP: 5/5
   391 | D:2      | Found Apuequwie's Magic Scroll Boutique.
   435 | D:2      | Found a faded altar of an unknown god.
   573 | D:3      | Noticed a +0 dagger
   573 | D:3      | Noticed a +0 dagger
   574 | D:3      | Found a hide-covered altar of Uskayaw.
   670 | D:3      | Reached skill level 5 in Unarmed Combat
   684 | D:3      | Reached XP level 5. HP: 8/40 MP: 6/6
   962 | D:4      | Found Wekhauxt's Antique Weapon Shoppe.
  1002 | D:4      | Reached skill level 6 in Unarmed Combat
  1027 | D:4      | Noticed a phantom
  1054 | D:4      | Killed a phantom
  1054 | D:4      | Slain by a gnoll bouda

Illustrated notes

Levels and vault maps discovered:
D:1:      amcnicky_arrival_gap_in_the_tavern_cellar, layout_basic, serial_shops,
          nicolae_shop_hallway_stairs, nicolae_the_louvre
D:2:      layout_loops_cross, serial_shops, shop,
          hellmonk_ecumenical_altar_arch_garden,
          nicolae_kite_square_tiling_tiny, minivault_23
D:3:      layout_rooms, dancing_weapons_uskayaw, zin_angel
D:4:      layout_loops_ring, serial_shops, shop, minivault_23, kennysheep_dice

Skill      XL: |  1  2  3  4  5 |
---------------+----------------+-----
Unarmed Combat | 4 5 6 |  6.1
Shapeshifting  | 4 |  4.6
Fighting       | |  1.1
Dodging        | |  2.1

Action                     |  1- 3 |  4- 6 || total
---------------------------+-------+-------++-------
  Melee: Unarmed           |    49 |    74 ||   123
         Punch             |     2 |       ||     2
    Use: Scroll            |       |     2 ||     2
         Potion            |       |     1 ||     1
 Armour: Animal skin       |     8 |       ||     8
         Ring mail         |     7 |    17 ||    24
         Skin              |       |    28 ||    28
  Dodge: Dodged            |    32 |    34 ||    66

Table legend: (Time is in decaauts)
 A = Elapsed time spent in this place.
 B = Non-inter-level travel time spent in this place.
 C = Inter-level travel time spent in this place.
 D = Time resting spent in this place.
 E = Time spent auto-exploring this place.
 F = Levels seen in this place.
 G = Mean time per level.
                   A        B        C        D        E       F      G
               +--------+--------+--------+--------+--------+-----+--------+
         Total |   1041 |    963 |     78 |     56 |    415 |   4 |  260.2 |
       Dungeon |   1041 |    963 |     78 |     56 |    415 |   4 |  260.2 |
               +--------+--------+--------+--------+--------+-----+--------+

Top non-repeatable levels by time:
     D:4: 292 daAuts
     D:3: 264 daAuts
     D:2: 262 daAuts
     D:1: 222 daAuts
